 Dungeon Crawl Stone Soup version 0.25-a0-578-gc91f01c (webtiles) character file.

Game seed: 12359577251926798757, levelgen mode: deterministic

795 Faels the Cutter (level 7, -2/52 HPs)
             Began as a Demonspawn Fighter on Mar 6, 2020.
             Was a Follower of Okawaru.
             Killed by nerve-wracking pain
             ... invoked by an orc priest
              (14 damage)
             ... on level 4 of the Dungeon.
             The game lasted 00:13:46 (5736 turns).

Faels the Cutter (Demonspawn Fighter)               Turns: 5736, Time: 00:13:47

Health: -2/52      AC:  9    Str: 16    XL:     7   Next: 58%
Magic:  7/7        EV:  7    Int:  9    God:    Okawaru [*.....]
Gold:   254        SH:  9    Dex: 15    Spells: 6/6 levels left

rFire    . . .     SeeInvis .   a - +0 rapier
rCold    . . .     Gourm    .   c - +0 kite shield
rNeg     . . .     Faith    .   z - +0 chain mail
rPois    .         Spirit   .   x - +1 hat
rElec    .         Reflect  .   (no cloak)
rCorr    .         Harm     .   (no gloves)
MR       .....                  (no boots)
Stlth    ..........             (no amulet)
HPRegen  0.17/turn              (no ring)
MPRegen  0.10/turn              (no ring)

@: no status effects
A: antennae 1, rot immunity, sturdy frame 1
a: Heroism, Renounce Religion


You were on level 4 of the Dungeon.
You worshipped Okawaru.
Okawaru was aware of your devotion.
You were not hungry.

You visited 1 branch of the dungeon, and saw 4 of its levels.
You also visited: Sewer.

You collected 254 gold pieces.

Inventory:

Hand Weapons
 a - a +0 rapier (weapon)
 l - a cursed -1 whip
 s - a +2 vampiric war axe
 y - a +1 hand axe of flaming
Missiles
 r - 8 poisoned darts (quivered)
Armour
 b - a +0 scale mail
 c - a +0 kite shield (worn)
 x - a +1 hat (worn)
 z - a +0 chain mail (worn)
Jewellery
 g - an uncursed amulet of magic regeneration
 t - an uncursed ring of fire
Wands
 p - a wand of random effects (25)
Scrolls
 e - a scroll of amnesia
 j - a scroll of remove curse
 k - a scroll of teleportation
 q - a scroll of blinking
 v - a scroll of fog {unknown}
 w - a scroll of fear {unknown}
Potions
 d - 2 potions of might
 h - 2 potions of curing {unknown}
 i - 4 potions of flight
 m - 3 potions of invisibility
 n - 2 potions of haste
 u - a potion of brilliance {unknown}
Comestibles
 f - 14 rations
 o - 2 chunks of flesh


   Skills:
 - Level 3.0 Fighting
 * Level 7.1 Short Blades
 - Level 1.1 Throwing
 - Level 2.6 Armour
 + Level 3.0 Dodging
 - Level 2.6 Shields


You had 6 spell levels left.
You didn't know any spells.
Your spell library contained the following spells:

 Spells                   Type           Power        Failure   Level  Hunger
 Corona                   Hex            #......      100%        1    ##.....
 Ensorcelled Hibernation  Hex/Ice        #.....       100%        2    ###....
 Confusing Touch          Hex            #.......     100%        3    ####...
 Dazzling Flash           Conj/Hex       #.....       100%        3    ####...
 Tukima's Dance           Hex            #.......     100%        3    ####...


Dungeon Overview and Level Annotations

Branches:
Dungeon (4/15)              Sewer (visited)
 Temple: D:4-7

Altars:
Elyvilon
Kikubaaqudgha
Okawaru
Sif Muna


Innate Abilities, Weirdness & Mutations

You have a pair of small antennae on your head.
You are immune to rotting.
Your movements are slightly less encumbered by armour. (ER -2)


Message History

Beogh smites you!
You closely miss the orc priest.
The orc priest is lightly wounded.
You block the orc priest's attack.
You hit the orc priest.
The orc priest is heavily wounded.
The orc priest hits you but does no damage.
You hit the orc priest.
The orc priest is heavily wounded.
The orc priest invokes the aid of Beogh against you.
Beogh smites you!
Your chain mail prevents you from hitting the orc priest.
The orc priest is heavily wounded.
The orc priest hits you but does no damage.
The orc priest invokes the aid of Beogh against you.
Beogh smites you!
* * * LOW HITPOINT WARNING * * *
The orc priest calls down the wrath of Beogh upon you.
Pain shoots through your body!
You die...

#.# #......# #.# #.# #.#
###.##.#####.# #.### #.#
#.##......^###.##. #.#
#.###########..... #.#
#o# #..### #.# #o# #..#
#.# #{# #..# #.# #o#
#..### #.# ##@## #.....
#.#####...##########.####
#.....#......)))...#.###.
#####.#...##.##.##.......
#.######.##(##....... #.#
#.##..((...... #.#
#.#####..)..#. #########
#.# #.# #.)...##
........# #.# #.#
#.#.####


You could see 2 orc priests and an orc.

Vanquished Creatures
  Menkaure (D:4)
  An ogre (D:4)
  A howler monkey (D:4)
  A hound (D:4)
  2 orc wizards
  An orc priest (D:3)
  A bullfrog skeleton (D:4)
  An iguana (D:4)
  3 worker ants (D:4)
  A hound skeleton (D:4)
  A howler monkey skeleton (D:4)
  9 adders
  4 oozes
  9 worms
  3 dart slugs (D:1)
  6 leopard geckos
  21 orcs
  10 bats
  3 bat zombies (D:3)
  8 giant cockroaches
  11 goblins
  9 hobgoblins
  8 jackals
  10 kobolds
  3 quokkas
  3 ball pythons
  8 frilled lizards
  9 rats
  A rat zombie (D:3)
149 creatures vanquished.

Notes
Turn   | Place    | Note
-------+----------+-------------------------------------------
     0 | D:1      | Faels the Demonspawn Fighter began the quest for the Orb.
     0 | D:1      | Reached XP level 1. HP: 18/18 MP: 1/1
   157 | D:1      | Reached skill level 2 in Short Blades
   231 | D:1      | Gained mutation: Your movements are slightly less
                  | encumbered by armour. (ER -2) [demonic ancestry]
   231 | D:1      | Reached XP level 2. HP: 16/24 MP: 2/2
   859 | D:2      | Reached skill level 3 in Short Blades
   864 | D:2      | Gained mutation: You are immune to rotting. [demonic
                  | ancestry]
   864 | D:2      | Reached XP level 3. HP: 24/29 MP: 3/3
  1203 | D:2      | Gained mutation: You have a pair of small antennae on your
                  | head. [demonic ancestry]
  1203 | D:2      | Reached XP level 4. HP: 27/35 MP: 4/4
  1510 | D:2      | Reached skill level 4 in Short Blades
  1874 | D:3      | Found a glowing drain.
  1984 | Sewer    | Entered a sewer
  2351 | Sewer    | Reached XP level 5. HP: 41/41 MP: 5/5
  2829 | Sewer    | Reached skill level 5 in Short Blades
  2837 | Sewer    | HP: 2/41 [worm (7)]
  3731 | D:3      | Found an iron altar of Okawaru.
  3731 | D:3      | Found a white marble altar of Elyvilon.
  3743 | D:3      | Found a shimmering blue altar of Sif Muna.
  3774 | D:3      | Became a worshipper of Warmaster Okawaru
  3860 | D:3      | Reached skill level 1 in Throwing
  3860 | D:3      | Reached XP level 6. HP: 39/47 MP: 6/6
  3985 | D:3      | Found an ancient bone altar of Kikubaaqudgha.
  4140 | D:4      | Reached skill level 1 in Dodging
  4209 | D:4      | Reached skill level 6 in Short Blades
  4601 | D:4      | Noticed Menkaure
  4612 | D:4      | Killed Menkaure
  4612 | D:4      | Reached * piety under Okawaru
  4612 | D:4      | Reached XP level 7. HP: 7/52 MP: 7/7
  5299 | D:4      | Reached skill level 7 in Short Blades
  5627 | D:4      | Identified the +1 long sword of Laceration {vamp, MR+}
  5736 | D:4      | Killed from afar by an orc priest

Levels and vault maps discovered:
D:1:      roderic_crossed_star, layout_basic
D:2:      layout_rooms, first_ration, minmay_hexomino_c4
D:3:      layout_loops_ring, chequers_temple_overflow_statue_of_worship,
          lemuel_zombie_altar_kikubaaqudgha, portal_sewer_entry_f,
          chequers_serial_rivers_micro_c
D:4:      layout_loops_ring, chequers_ossuary_entry_cave, uniq_menkaure

Skill      XL: |  1  2  3  4  5  6  7 |
---------------+----------------------+-----
Short Blades   | 2 3 4 5 6 7 |  7.1
Throwing       | 1 |  1.1
Dodging        | 2 3 |  3.0
Fighting       | |  3.0
Armour         | |  2.6
Shields        | |  2.6

Action                   |  1- 3 |  4- 6 |  7- 9 || total
-------------------------+-------+-------+-------++-------
Melee: Rapier            |   107 |   417 |   142 ||   666
Throw: Dart              |       |    10 |       ||    10
Invok: Heroism           |       |       |     1 ||     1
  Use: Scroll            |       |     5 |     4 ||     9
       Potion            |       |     5 |       ||     5
  Eat: Chunk             |     1 |    12 |     4 ||    17
Armor: Scale mail        |    19 |   185 |       ||   204
       Chain mail        |       |    56 |    50 ||   106
Dodge: Dodged            |    33 |   144 |    29 ||   206
Block: Kite shield       |    43 |   235 |    47 ||   325

Table legend:
 A = Non-vault XP
 B = Vault XP
 C = Vault XP percentage of total XP
 D = Non-vault monster count
 E = Vault monster count
 F = Vault count percentage of total count
                 A         B        C        D         E       F
            +---------+---------+-------+---------+---------+-------
      Total |     842 |     294 |  25.9 |     107 |      42 |  28.2
            +---------+---------+-------+---------+---------+-------
        D:1 |      30 |       0 |   0.0 |      15 |       0 |   0.0
        D:2 |      76 |      14 |  15.6 |      22 |       5 |  18.5
        D:3 |     190 |      21 |  10.0 |      35 |      10 |  22.2
        D:4 |     546 |     172 |  24.0 |      35 |       1 |   2.8
      Sewer |       0 |      87 | 100.0 |       0 |      26 | 100.0
            +---------+---------+-------+---------+---------+-------
